AoeStats
← w2k8m1w2762

Black Forest

510294291Analyzed
4v4 RM · 2d ago on Sep 30, 2026· 70m 37s· 8 players
Game mode
Random Map
Map size
Large (8 player)
Population
200
Speed
Normal
Resources
Standard
Victory
Conquest
Starting age
Dark Age
Ending age
Imperial Age
RankedLock teamsTeams togetherTeam positionsShared explorationLock speedFull tech treeHidden civsTurbo modeCheats
Victory
Defeat
🇪🇸 Celts · Spain
1173
+14
🇨🇳 Turks · China
1167
+14
🇸🇪 Koreans · Sweden
1147
+15
🇨🇦 Britons · Canada
1050
+18
🇮🇳 Danes · India
1159
-17
🇮🇳 Persians · India
1128
-16
🇮🇳 Slavs · India
1098
-14
🇻🇳 Vietnamese · Vietnam
1089
-14
Kuttings
11:31 Feudal Age
16:39 Castle Age
14:24 Fishing Lines
19:17 Fletching
19:18 Double-Bit Axe
20:34 Bow Saw
22:23 Gillnets
22:50 Bodkin Arrow
25:35 Wheelbarrow
24:47 Loom
29:40 Forging
33:29 Imperial Age
31:50 Iron Casting
32:23 Caravan
32:50 Gold Mining
32:51 Stone Mining
33:24 Scale Barding Armor
34:41 Conscription
33:44 Capped Ram
35:35 Blast Furnace
35:18 Hand Cart
35:30 Detinets
35:55 Chain Barding Armor
37:09 Siege Ram
42:21 Plate Barding Armor
45:13 Chemistry
47:48 Light Cavalry
48:39 Bloodlines
48:30 Husbandry
49:00 Hussar
51:02 Two-Man Saw
49:50 Town Watch
50:21 Padded Archer Armor
52:47 Hoardings
52:08 Horse Collar
56:16 Heavy Plow
57:05 Onager
59:07 Crop Rotation
Veer_84
0:28 Loom
11:57 Feudal Age
16:41 Castle Age
14:43 Town Watch
15:07 Double-Bit Axe
15:04 Horse Collar
25:06 Bow Saw
25:07 Heavy Plow
28:01 Wheelbarrow
28:52 Hand Cart
30:57 Gold Mining
30:58 Stone Mining
34:21 Imperial Age
32:17 Scale Barding Armor
32:23 Forging
33:25 Gold Shaft Mining
33:25 Stone Shaft Mining
33:53 Chain Barding Armor
34:20 Masonry
34:19 Murder Holes
35:02 Conscription
37:20 Bloodlines
38:12 Elite War Elephant
39:36 Iron Casting
38:51 Capped Ram
39:09 Onager
41:32 Plate Barding Armor
41:58 Blast Furnace
43:41 Hoardings
43:40 Architecture
43:32 Ballistics
43:05 Fletching
44:22 Husbandry
45:15 Crop Rotation
45:11 Caravan
45:22 Guilds
47:05 Chemistry
50:13 Light Cavalry
54:29 Hussar
57:10 Bodkin Arrow
Zuppi Mi
6:53 Loom
12:39 Feudal Age
14:18 Double-Bit Axe
17:37 Castle Age
15:36 Fishing Lines
17:11 Stone Mining
18:38 Gillnets
21:22 Bow Saw
21:49 Stone Shaft Mining
21:17 Horse Collar
23:29 Wheelbarrow
26:23 Hand Cart
26:04 Gold Mining
30:50 Imperial Age
30:08 Scale Barding Armor
30:14 Forging
30:09 Chatras
30:27 Bloodlines
30:17 Husbandry
31:13 Chain Barding Armor
31:05 Fletching
31:16 Padded Archer Armor
31:37 Elite Battle Elephant
32:41 Paper Money
34:04 Plate Barding Armor
34:41 Ballistics
34:05 Treadmill Crane
35:20 Iron Casting
35:46 Elite Fire Lancer
36:29 Scale Mail Armor
36:40 Bodkin Arrow
36:48 Squires
36:34 Arson
37:08 Leather Archer Armor
37:56 Chemistry
38:01 Caravan
37:41 Pikeman
38:31 Capped Ram
39:26 Halberdier
41:12 Guard Tower
41:42 Bombard Tower
42:10 Bracer
42:41 Ring Archer Armor
42:26 Chain Mail Armor
45:38 Plate Mail Armor
45:46 Heavy Cavalry Archer
46:33 Thumb Ring
48:34 Elite Skirmisher
55:32 Coinage
65:28 Light Cavalry
K.T.
0:33 Loom
12:24 Feudal Age
13:00 Double-Bit Axe
12:56 Horse Collar
18:26 Castle Age
17:21 Stone Mining
17:23 Gold Mining
22:38 Forging
22:28 Scale Mail Armor
22:50 Heavy Plow
27:24 Wheelbarrow
26:34 Town Watch
29:49 Chain Mail Armor
30:09 Iron Casting
32:19 Stone Shaft Mining
32:20 Gold Shaft Mining
35:18 Imperial Age
35:29 Bow Saw
35:33 Onager
37:48 Chemistry
37:29 Conscription
38:02 Siege Engineers
39:40 Plate Mail Armor
40:11 Blast Furnace
39:03 Siege Onager
40:28 Elite Varangian Guard
41:09 Squires
42:08 Plate Mail Armor
45:10 Caravan
48:03 Hand Cart
47:48 Town Patrol
62:08 Northmen's Fury
yosua
2:38 Loom
12:38 Feudal Age
13:00 Fishing Lines
13:34 Horse Collar
13:49 Double-Bit Axe
18:26 Gold Mining
21:05 Castle Age
23:14 Bow Saw
24:26 Heavy Plow
24:55 Fletching
25:05 Padded Archer Armor
27:39 Wheelbarrow
27:05 Gillnets
27:47 Bodkin Arrow
28:07 Leather Archer Armor
30:58 Hand Cart
31:13 Stone Mining
31:58 Gold Shaft Mining
34:42 Imperial Age
34:30 Pikeman
34:58 Arson
35:03 Gambesons
35:03 Heavy Scorpion
36:12 Onager
36:18 Halberdier
37:48 Furor Celtica
37:59 Conscription
37:55 Scale Mail Armor
46:02 Siege Onager
48:06 Hoardings
48:04 Ring Archer Armor
52:01 Stone Shaft Mining
53:45 Husbandry
53:06 Cavalier
54:20 Paladin
55:37 Caravan
56:52 Chain Mail Armor
56:48 Forging
58:42 Scale Barding Armor
59:13 Iron Casting
59:52 Plate Mail Armor
59:37 Elite Skirmisher
62:52 Chain Barding Armor
63:33 Blast Furnace
63:47 Light Cavalry
66:38 Hussar
BiggM4k
0:28 Loom
11:54 Feudal Age
16:08 Castle Age
14:40 Stone Mining
14:38 Double-Bit Axe
15:34 Fletching
17:33 Bow Saw
17:13 Horse Collar
19:21 Fishing Lines
22:25 Wheelbarrow
23:55 Fortified Wall
23:27 Treadmill Crane
24:40 Gillnets
25:36 Heavy Plow
26:08 Gold Mining
28:10 Gold Shaft Mining
31:04 Imperial Age
30:04 Masonry
30:15 Ballistics
30:20 Yeomen
32:16 Onager
33:04 Siege Engineers
34:00 Chemistry
33:31 Architecture
33:00 Bodkin Arrow
33:06 Padded Archer Armor
33:19 Caravan
33:50 Elite Longbowman
34:51 Conscription
36:30 Two-Man Saw
35:36 Bracer
35:51 Leather Archer Armor
35:40 Warwolf
36:32 Heavy Scorpion
40:30 Ring Archer Armor
42:18 Town Watch
42:49 Hand Cart
44:17 Scale Mail Armor
44:27 Forging
46:04 Town Patrol
46:23 Chain Mail Armor
46:44 Iron Casting
45:32 Pikeman
45:59 Gambesons
46:02 Arson
46:19 Squires
45:40 Man-at-Arms
47:52 Halberdier
50:33 Plate Mail Armor
51:04 Blast Furnace
62:53 Long Swordsman
64:36 Two-Handed Swordsman
70:12 Champion
scarabe
2:04 Loom
13:01 Feudal Age
14:13 Double-Bit Axe
19:40 Castle Age
17:54 Fletching
19:24 Town Watch
20:27 Bodkin Arrow
26:02 Bow Saw
26:15 Horse Collar
27:31 Heavy Plow
32:24 Imperial Age
30:09 Fishing Lines
30:49 Gold Mining
34:08 Chemistry
33:20 Masonry
33:48 Wheelbarrow
37:51 Bracer
43:13 Scale Mail Armor
43:23 Forging
43:03 Elite Fire Lancer
44:18 Squires
44:03 Arson
45:50 Caravan
47:49 Chain Mail Armor
48:10 Iron Casting
48:02 Hand Cart
52:48 Conscription
52:30 Eupseong
56:27 Plate Mail Armor
57:02 Murder Holes
57:28 Ballistics
57:39 Architecture
59:35 Pikeman
61:45 Halberdier
w2k8m1w2762
1:48 Loom
10:48 Feudal Age
16:32 Castle Age
15:36 Double-Bit Axe
15:36 Horse Collar
15:51 Gold Mining
15:53 Stone Mining
18:56 Wheelbarrow
30:50 Imperial Age
29:05 Hand Cart
28:36 Town Watch
30:28 Gold Shaft Mining
30:11 Masonry
29:42 Treadmill Crane
30:23 Ballistics
30:00 Murder Holes
29:59 Fletching
30:20 Forging
30:17 Scale Barding Armor
30:13 Padded Archer Armor
31:31 Bodkin Arrow
32:12 Iron Casting
32:12 Architecture
31:51 Artillery
33:28 Leather Archer Armor
33:34 Chain Barding Armor
32:55 Elite Janissary
33:56 Conscription
34:23 Bloodlines
34:14 Husbandry
33:37 Heavy Camel Rider
34:42 Bow Saw
36:39 Blast Furnace
35:42 Bracer
36:14 Ring Archer Armor
38:00 Plate Barding Armor
37:52 Bombard Tower
37:20 Arrowslits
37:41 Squires
37:27 Arson
39:57 Scale Mail Armor
40:12 Fortified Wall
41:57 Two-Man Saw
53:28 Caravan
53:59 Coinage
53:40 Guilds
59:38 Banking
Connection lost

Rejoining the realm…

Still unreachable

The connection could not be restored.

Session expired

The server has moved on; the page needs a fresh start.